 Dungeon Crawl Stone Soup version 0.24-a0-434-gd57e52fea8 (webtiles) character file.

Game seed: 3015325843246334947

6426 Holzbalken the Zephyrmancer (level 10, -5/79 (80) HPs)
             Began as a Purple Draconian Air Elementalist on June 15, 2019.
             Was an Elder of Sif Muna.
             Splashed by an oklob plant's acid (8 damage)
             ... on level 9 of the Dungeon on Aug 5, 2019.
             The game lasted 01:06:47 (12518 turns).

Holzbalken the Zephyrmancer (DrAE)                 Turns: 12518, Time: 01:06:48

HP:   -5/79 (80)    AC:  9    Str: 10    XL:     10   Next: 67%
MP:   3/23          EV: 14    Int: 18    God:    Sif Muna [****..]
Gold: 460           SH:  8    Dex: 13    Spells: 17/27 levels left

rFire    . . .     SeeInvis .   C - +4 short sword (vamp)
rCold    + . .     Gourm    .   v - +0 buckler
rNeg     . . .     Faith    .   (armour unavailable)
rPois    +         Spirit   .   (helmet restricted)
rElec    .         Reflect  +   m - +2 cloak
rCorr    .         Harm     .   o - +2 pair of gloves
MR       +....                  (no boots)
Stlth    ++........             D - +3 amulet of reflection
HPRegen  0.23/turn              g - ring of protection from cold
MPRegen  0.18/turn              s - ring of poison resistance

@: corroded, divine energy
A: breathe power, unfitting armour, cold-blooded, AC +7
a: Breathe Dispelling Energy, Stop Divine Energy, Channel Magic, Forget Spell,
Renounce Religion


You were on level 9 of the Dungeon.
You worshipped Sif Muna.
Sif Muna was greatly pleased with you.
You were not hungry.

You visited 3 branches of the dungeon, and saw 11 of its levels.

You collected 460 gold pieces.

Inventory:

Hand Weapons
 C - a +4 vampiric short sword (weapon)
 F - the +6 hand axe of Fortitude {holy, rN+}
   (You took it off an orc on level 8 of the Dungeon)

   It has been blessed by the Shining One to cause great damage to the undead
   and demons.
   It protects you from negative energy.
 L - a +0 flail
Missiles
 r - 2 silver javelins (quivered)
Armour
 m - a +2 cloak (worn)
 o - a +2 pair of gloves (worn)
 v - a +0 buckler (worn)
Magical Staves
 y - an uncursed staff of fire
 E - an uncursed staff of wizardry
Jewellery
 g - a ring of protection from cold (left hand)
 q - an uncursed ring of resist corrosion
 s - a ring of poison resistance (right hand)
 D - a +3 amulet of reflection (around neck)
 G - an uncursed ring of protection from fire
 I - an uncursed ring of flight
Wands
 l - a wand of digging (6)
 w - a wand of flame (29)
 A - a wand of iceblast (10)
Scrolls
 a - 3 scrolls of enchant armour {unknown}
 c - 5 scrolls of remove curse
 f - a scroll of magic mapping {unknown}
 i - 4 scrolls of identify
 j - 2 scrolls of amnesia {unknown}
 k - a scroll of random uselessness {unknown}
 n - 4 scrolls of teleportation
 p - 2 scrolls of blinking
 t - a scroll of fog {unknown}
 B - a scroll of noise {unknown}
 K - a scroll of immolation {unknown}
Potions
 d - 5 potions of curing
 e - 5 potions of heal wounds
 h - 2 potions of invisibility
 u - 2 potions of brilliance
 x - a potion of berserk rage
 z - 2 potions of flight
 H - a potion of resistance {unknown}
 M - a potion of magic {unknown}
Comestibles
 b - 17 rations


   Skills:
 + Level 4.8 Fighting
 + Level 4.6 Dodging
 - Level 2.0 Stealth
 - Level 4.0 Shields
 + Level 9.3 Spellcasting
 - Level 5.0 Conjurations
 * Level 10.9 Air Magic


You had 17 spell levels left.
You knew the following spells:

 Your Spells              Type           Power        Failure   Level  Hunger
a - Shock                 Conj/Air       ####         1%          1    None
b - Airstrike             Air            #####.....   1%          4    ###....
c - Lightning Bolt        Conj/Air       #####.....   9%          5    #####..

Your spell library contained the following spells:

 Spells                   Type           Power        Failure   Level  Hunger
 Swiftness                Chrm/Air       ####....     1%          2    None
 Static Discharge         Conj/Air       #####...     1%          3    None
 Throw Frost              Conj/Ice       ###...       4%          2    None
 Freeze                   Ice            #...         9%          1    None
 Ozocubu's Armour         Chrm/Ice       #.......     26%         3    None
 Throw Icicle             Conj/Ice       ###.....     30%         4    ###....
 Summon Ice Beast         Ice/Summ       #.......     63%         4    ###....


Dungeon Overview and Level Annotations

Branches:
Dungeon (9/15)             Temple (1/1) D:5            Lair (1/6) D:8
    Orc: D:9-12

Altars:
Ashenzari
Cheibriados
Dithmenos
Elyvilon
Fedhas
Gozag
Hepliaklqana
Kikubaaqudgha
Makhleb
Nemelex Xobeh
Okawaru
Qazlal
Ru
Sif Muna
Trog
Uskayaw
Vehumet
Wu Jian
Xom
Yredelemnul
Zin
The Shining One

Shops:
D:4 }

Annotations:
D:9 exclusion: oklob plant


Innate Abilities, Weirdness & Mutations

You can breathe bolts of dispelling energy.
Your rich purple scales are hard. (AC +7)
You cannot fit into any form of body armour.
You are cold-blooded and may be slowed by cold attacks.


Message History

The oklob plant is severely damaged.
The oklob plant spits acid at you.
The splash of acid reflects off an invisible shield around you!
The splash of acid hits the oklob plant.
The oklob plant completely resists.
You hit the oklob plant but do no damage.
The oklob plant is severely damaged.
The oklob plant spits acid at you. The splash of acid hits you!
The acid corrodes you!
You are splashed with acid!
* * * LOW HITPOINT WARNING * * *
You hit the oklob plant.
You tail-slap the oklob plant, but do no damage.
The oklob plant is almost destroyed.
You hit the oklob plant but do no damage.
The oklob plant is almost destroyed.
The oklob plant spits acid at you. The splash of acid hits you!!
* * * LOW HITPOINT WARNING * * *
You are splashed with acid!
You die...

......# #(#
.>..... #.#
####### #.# #
#.# ### #.# ..
####.# ## #
##P..)# .###
....####P_P..#
.....
#.>....@.P...#
.####
#.############
## ... ###


You could see an oklob plant.

Vanquished Creatures
  A spiny frog (Lair:1)
  A komodo dragon (D:8)
  2 hippogriffs (D:8)
  5 yaks
  3 wyverns (D:8)
  A hungry ghost (D:7)
  A water moccasin (D:8)
  A swamp drake (D:8)
  4 orc warriors
  A phantom (D:7)
  A sky beast (D:9)
  A black bear (D:6)
  A necrophage (D:6)
  4 ogres
  A crocodile (Lair:1)
  2 big kobolds
  8 bullfrogs
  2 scorpions
  3 killer bees (D:9)
  3 wights (D:9)
  4 howler monkeys (D:7)
  2 crimson imps
  A centaur zombie (D:6)
  2 centaur skeletons
  5 hounds
  8 orc wizards
  Crazy Yiuf (D:7)
  A gnoll shaman (D:6)
  10 orc priests
  Natasha (thrice) (D:4)
  2 iguanas
  5 worker ants
  A killer bee zombie (D:8)
  A hound zombie (D:6)
  A hound skeleton (D:4)
  3 worker ant zombies
  17 gnolls
  11 adders
  A shadow imp (D:7)
  3 oozes
  3 adder skeletons
  A worm (D:2)
  5 dart slugs
  6 leopard geckos
  28 orcs
  5 bats
  A giant cockroach (D:7)
  11 goblins
  3 hobgoblins
  3 jackals (D:1)
  4 quokkas
  2 ball pythons
  7 frilled lizards
  24 kobolds
  4 rats
  A fungus (D:7)
236 creatures vanquished.

Vanquished Creatures (others)
  A centaur (D:9)
1 creature vanquished.

Grand Total: 237 creatures vanquished

Notes
Turn   | Place    | Note
-------+----------+-------------------------------------------
     0 | D:1      | Holzbalken the Draconian Air Elementalist began the quest
                  | for the Orb.
     0 | D:1      | Reached XP level 1. HP: 14/14 MP: 3/3
   390 | D:1      | Reached XP level 2. HP: 20/20 MP: 0/5
   797 | D:1      | Reached XP level 3. HP: 26/26 MP: 2/6
  1699 | D:2      | Found a blossoming altar of Fedhas.
  1739 | D:2      | Reached XP level 4. HP: 31/33 MP: 4/8
  2308 | D:3      | Found a white marble altar of Elyvilon.
  2332 | D:3      | Reached skill level 4 in Air Magic
  2332 | D:3      | Reached XP level 5. HP: 14/38 MP: 0/9
  2743 | D:3      | Found a shattered altar of Ashenzari.
  3207 | D:4      | Learned a level 4 spell: Airstrike
  3213 | D:4      | Learned a level 5 spell: Lightning Bolt
  3237 | D:4      | Noticed Natasha
  3249 | D:4      | Killed Natasha
  3383 | D:4      | Reached skill level 1 in Shields
  3383 | D:4      | Reached XP level 6. HP: 41/45 MP: 4/11
  3548 | D:4      | Noticed Natasha
  3587 | D:4      | HP: 2/45 [worker ant (6)]
  3593 | D:4      | Killed Natasha
  3848 | D:4      | Noticed Natasha
  3854 | D:4      | Killed Natasha
  4023 | D:4      | Noticed Menkaure
  4073 | D:4      | Found Nenioc's Gadget Emporium.
  4307 | D:5      | Entered Level 5 of the Dungeon
  4716 | D:5      | Reached skill level 5 in Air Magic
  4716 | D:5      | Your scales start taking on a rich purple colour.
  4716 | D:5      | Reached skill level 5 in Spellcasting
  4716 | D:5      | Reached XP level 7. HP: 50/50 MP: 10/14
  4943 | D:5      | Found a sacrificial altar of Ru.
  5272 | D:5      | Found a glowing silver altar of Zin.
  5273 | D:5      | Found a glowing golden altar of the Shining One.
  5314 | D:5      | Found a staircase to the Ecumenical Temple.
  5374 | Temple   | Entered the Ecumenical Temple
  5558 | Temple   | Became a worshipper of Sif Muna the Loreminder
  5934 | D:6      | Reached XP level 8. HP: 56/56 MP: 9/16
  5942 | D:6      | Reached skill level 5 in Conjurations
  6225 | D:6      | Reached skill level 6 in Air Magic
  6229 | D:6      | Reached * piety under Sif Muna
  6908 | D:7      | Reached skill level 7 in Air Magic
  7027 | D:7      | Found a snail-covered altar of Cheibriados.
  7153 | D:7      | Reached ** piety under Sif Muna
  7377 | D:7      | Reached XP level 9. HP: 27/61 MP: 7/19
  7500 | D:7      | Reached skill level 8 in Air Magic
  8503 | D:7      | Found a runed translucent door.
  8504 | D:7      | Noticed Crazy Yiuf
  8510 | D:7      | Killed Crazy Yiuf
  9070 | D:8      | Reached skill level 1 in Fighting
  9070 | D:8      | Reached skill level 9 in Air Magic
  9416 | D:8      | Reached *** piety under Sif Muna
  9950 | D:8      | Identified the +6 hand axe of Fortitude {holy, rN+}
 10062 | D:8      | Noticed a komodo dragon
 10070 | D:8      | Killed a komodo dragon
 10070 | D:8      | Reached XP level 10. HP: 45/76 MP: 1/22
 10211 | D:8      | Found a staircase to the Lair.
 10232 | D:8      | Reached skill level 10 in Air Magic
 10486 | Lair:1   | Entered Level 1 of the Lair of Beasts
 11527 | Lair:1   | Noticed a spiny frog
 11534 | Lair:1   | Killed a spiny frog
 11858 | D:9      | Reached **** piety under Sif Muna
 12498 | D:9      | Found a sacrificial altar of Ru.
 12498 | D:9      | Noticed an oklob plant
 12518 | D:9      | HP: 3/79 [oklob plant/splash of acid (18)]
 12518 | D:9      | Splashed by an oklob plant's acid

Levels and vault maps discovered:
D:1:      enne_arrival_octagon_isle, layout_loops_cross
D:2:      layout_loops_cross, fedhas_ov_isle_minmay, uniq_terence
D:3:      layout_rooms, evilmike_ruin_ashenzari, elyvilon_altar_1,
          minmay_misc_feat_plants
D:4:      layout_basic, serial_shops, nicolae_shop_behind_doors,
          hangedman_feature_mirror, uniq_menkaure, uniq_natasha
D:5:      layout_loops_cross, gammafunk_temple_overflow_pools,
          minmay_temple_entry_proselytizer, first_ration, hangedman_ru_absence
D:6:      layout_loops_ring
D:7:      layout_basic, lemuel_round_altar, grunt_ogre_cave,
          uniq_crazy_yiuf_cottage
D:8:      layout_loops_ring, erik_lair_dragon
D:9:      layout_loops_ring, minivault_23, lemuel_oklob_altar
Temple:   minmay_crystal_spiral_temple
Lair:1:   layout_small_grid, beast_lair_carwin_8

Skill      XL: |  1  2  3  4  5  6  7  8  9 10 |
---------------+-------------------------------+-----
Stealth        | 2 |  2.0
Dodging        | 2 3 4 |  4.6
Conjurations   | 2 3 4 5 |  5.0
Spellcasting   | 3 5 7 8 9 |  9.3
Air Magic      | 4 5 7 9 10 | 10.9
Shields        | 1 2 3 4 |  4.0
Fighting       | 3 4 |  4.8

Action                   |  1- 3 |  4- 6 |  7- 9 | 10-12 || total
-------------------------+-------+-------+-------+-------++-------
Melee: Dagger            |    16 |       |       |       ||    16
       Hand axe          |    10 |       |       |       ||    10
       Flail             |       |     6 |       |       ||     6
       Tailslap          |       |     2 |    10 |     7 ||    19
       Staff             |       |       |    42 |       ||    42
       Short sword       |       |       |       |    46 ||    46
 Cast: Shock             |    68 |   139 |   191 |    45 ||   443
       Airstrike         |       |       |    72 |    51 ||   123
       Lightning Bolt    |       |       |     7 |     3 ||    10
Invok: Divine Energy     |       |       |     1 |       ||     1
 Abil: Breathe Dispellin |       |       |     1 |     1 ||     2
  Use: Potion            |       |     1 |       |       ||     1
       Scroll            |       |       |     8 |     1 ||     9
  Eat: Chunk             |     3 |    10 |    20 |     7 ||    40
       Ration            |       |       |     2 |     2 ||     4
Armor: Skin              |    15 |    27 |    44 |    20 ||   106
Dodge: Dodged            |    28 |    54 |    56 |    35 ||   173
Block: Buckler           |       |       |    24 |    27 ||    51
       Reflection        |       |       |     1 |     2 ||     3

Table legend:
 A = Non-vault XP
 B = Vault XP
 C = Vault XP percentage of total XP
 D = Non-vault monster count
 E = Vault monster count
 F = Vault count percentage of total count
                 A         B        C        D         E       F
            +---------+---------+-------+---------+---------+-------
      Total |    7330 |    1851 |  20.2 |     225 |      11 |   4.7
            +---------+---------+-------+---------+---------+-------
        D:1 |      55 |       0 |   0.0 |      22 |       0 |   0.0
        D:2 |      76 |       0 |   0.0 |      24 |       0 |   0.0
        D:3 |     150 |       0 |   0.0 |      24 |       0 |   0.0
        D:4 |     290 |      35 |  10.8 |      12 |       1 |   7.7
        D:5 |     469 |      41 |   8.0 |      18 |       1 |   5.3
        D:6 |    1033 |       0 |   0.0 |      32 |       0 |   0.0
        D:7 |    1259 |     166 |  11.6 |      26 |       2 |   7.1
        D:8 |    1980 |    1105 |  35.8 |      35 |       5 |  12.5
        D:9 |    1596 |       0 |   0.0 |      30 |       0 |   0.0
     Lair:1 |     422 |     504 |  54.4 |       2 |       2 |  50.0
            +---------+---------+-------+---------+---------+-------
